AoeStats
← annahallana

Highland

504513407Analyzed
2v2 RM · 27d ago on Sep 5, 2026· 62m 45s· 4 players
Game mode
Random Map
Map size
Medium (4 player)
Population
200
Speed
Normal
Resources
Standard
Victory
Conquest
Starting age
Dark Age
Ending age
Imperial Age
RankedLock teamsTeams togetherTeam positionsShared explorationLock speedFull tech treeHidden civsTurbo modeCheats
Victory
Defeat
🇩🇪 Koreans · Germany
607
+9
601
+9
🇫🇷 Mongols · France
471
-9
🇫🇷 Malay · France
428
-9
sicaud.michal
0:27 Loom
13:12 Feudal Age
14:05 Wheelbarrow
13:16 Town Watch
13:31 Double-Bit Axe
13:53 Horse Collar
16:46 Arson
25:47 Fishing Lines
34:10 Castle Age
35:00 Squires
34:21 Pikeman
35:29 Gillnets
37:02 Padded Archer Armor
37:08 Scale Barding Armor
36:54 Fletching
37:17 Forging
37:23 Thalassocracy
38:55 Town Patrol
39:11 Hand Cart
40:20 Sanctity
40:46 Bow Saw
40:42 Heavy Plow
40:35 Gold Mining
40:35 Stone Mining
42:36 Gold Shaft Mining
42:36 Stone Shaft Mining
42:10 Thumb Ring
41:26 Crossbowman
41:27 Elite Skirmisher
46:04 Imperial Age
44:40 Medium Warships
45:58 Leather Archer Armor
46:33 Bodkin Arrow
47:14 Iron Casting
47:11 Ring Archer Armor
48:55 Heated Shot
48:57 Guard Tower
49:18 Masonry
48:50 Treadmill Crane
49:16 Siege Engineers
50:51 Heavy Warships
53:09 Bracer
54:09 Blast Furnace
53:41 Conscription
52:51 Sappers
55:07 Halberdier
57:30 Cavalier
Neutralspermal
4:38 Loom
10:03 Feudal Age
11:26 Wheelbarrow
10:39 Double-Bit Axe
11:11 Gold Mining
11:15 Horse Collar
12:24 Stone Mining
22:49 Castle Age
22:09 Bloodlines
21:53 Fletching
22:22 Padded Archer Armor
23:03 Forging
23:16 Scale Barding Armor
24:25 Hand Cart
24:48 Bow Saw
26:14 Husbandry
26:34 Heavy Plow
27:16 Gold Shaft Mining
27:55 Stone Shaft Mining
28:51 Iron Casting
28:28 Bodkin Arrow
31:51 Chain Barding Armor
33:47 Leather Archer Armor
33:57 Ballistics
38:43 Imperial Age
36:58 Nomads
38:35 Pikeman
39:16 Squires
39:22 Scale Mail Armor
40:27 Blast Furnace
39:29 Bracer
40:25 Caravan
41:06 Elite Mangudai
44:44 Chemistry
47:10 Chain Mail Armor
46:57 Murder Holes
47:22 Siege Engineers
47:36 Masonry
annahallana
13:35 Feudal Age
15:45 Wheelbarrow
19:59 Double-Bit Axe
23:02 Castle Age
25:15 Hand Cart
26:56 Caravan
38:01 Imperial Age
36:18 Eupseong
39:11 Conscription
39:21 Forging
39:16 Scale Barding Armor
38:35 Light Cavalry
39:16 Husbandry
38:43 Cavalier
40:44 Iron Casting
43:33 Crossbowman
44:20 Thumb Ring
44:08 Arbalester
45:49 Fletching
46:30 Chain Barding Armor
RiesenbohnenmitRiesenbohnen
11:55 Feudal Age
12:35 Double-Bit Axe
14:09 Wheelbarrow
17:13 Forging
17:04 Scale Mail Armor
23:49 Castle Age
24:38 Pikeman
25:56 Iron Casting
25:13 Fishing Lines
26:19 Bow Saw
27:03 Squires
27:04 Stone Mining
27:05 Gold Mining
27:10 Gillnets
28:40 Hand Cart
32:23 Caravan
34:34 #83
35:30 Scale Barding Armor
37:09 Chain Barding Armor
40:50 Imperial Age
41:09 Cavalier
42:29 Plate Barding Armor
42:55 Blast Furnace
42:12 Chain Mail Armor
42:14 Husbandry
44:12 Capped Ram
44:19 Paladin
45:24 Chivalry
45:39 Elite Throwing Axeman
47:51 Plate Mail Armor
47:47 Light Cavalry
49:10 Halberdier
Connection lost

Rejoining the realm…

Still unreachable

The connection could not be restored.

Session expired

The server has moved on; the page needs a fresh start.